 Dungeon Crawl Stone Soup version 0.20.1-1-g8b1a95d (webtiles) character file.

60 vishdafish the Skirmisher (level 4, 0/29 HPs)
             Began as a Gargoyle Fighter on July 7, 2017.
             Slain by Sigmund
             ... wielding a +0 scythe
              (4 damage)
             ... on level 2 of the Dungeon.
             The game lasted 00:01:33 (1012 turns).

vishdafish the Skirmisher (Gargoyle Fighter)        Turns: 1012, Time: 00:01:33

Health: 0/29       AC: 10    Str: 25    XL:     4   Next: 6%
Magic:  4/4        EV:  7    Int:  9    God:
Gold:   123        SH:  9    Dex:  9    Spells: 3/3 levels left

rFire    . . .     SeeInvis .   a - +0 war axe
rCold    . . .     Gourm    .   c - +0 shield
rNeg     + . .     Faith    .   b - +0 scale mail
rPois    ∞         Spirit   .   (no helmet)
rElec    +         Reflect  .   (no cloak)
rCorr    .         Harm     .   (no gloves)
MR       .....                  (no boots)
Stlth    ..........             (no amulet)
Regen    0.1/turn               (no ring)
MPRegen  0.1/turn               (no ring)

@: mighty
A: negative energy resistance 1, electricity resistance, unbreathing,
petrification resistance, rot immunity, AC +3
a: no special abilities


You were on level 2 of the Dungeon.
You were hungry.

You visited 1 branch of the dungeon, and saw 2 of its levels.

You collected 123 gold pieces.

Inventory:

Hand Weapons
 a - a +0 war axe (weapon)
Armour
 b - a +0 scale mail (worn)
 c - a +0 shield (worn)
Scrolls
 e - 3 scrolls of teleportation {unknown}
 h - 3 scrolls of identify {unknown}
 k - 2 scrolls of remove curse {unknown}
 l - a scroll of noise {unknown}
Potions
 g - a potion of agility {unknown}
 i - a potion of magic {unknown}
 j - a potion of haste {unknown}
 m - a potion of invisibility {unknown}
Comestibles
 f - a bread ration


   Skills:
 + Level 4.1 Fighting
 * Level 2.4 Axes
 + Level 3.6 Armour
 + Level 3.8 Shields


You had 3 spell levels left.
You didn't know any spells.

Dungeon Overview and Level Annotations

Branches:
Dungeon (2/15)

Altars:

Annotations:
D:2 Sigmund


Innate Abilities, Weirdness & Mutations

You are resistant to torment.
Your stone body is resilient. (AC +3)
You are immune to poison.
You resist negative energy. (rN+)
You are resistant to electric shocks. (rElec)
You can survive without breathing.
You are immune to petrification.
You are immune to rotting.


Message History

Sigmund gestures wildly while chanting.
Sigmund flickers and vanishes!
Deactivating autopickup; reactivate with Ctrl-A.
You miss something. Something hits you but does no damage.
You hear some strange, mumbled words.
Something tries to affect you, but you resist.
You see here a dagger.
You bump into the rock wall.
Something hits you but does no damage. Something hits you.
* * * LOW HITPOINT WARNING * * *
You miss something.
You feel less confused.
You hear some strange, mumbled words.
A magic dart appears from out of thin air!
The magic dart hits you!
You miss something. Something hits you.
* * * LOW HITPOINT WARNING * * *
You barely miss something. Something hits you but does no damage.
You closely miss something. Something hits you.
You die...

...#.........
..............
.#...........
##............
.............
#...........
#.....?.....
..#####..........
........{@........
....####)###.....#
### ... ###.# ###..
..### .... #...#
#####...# #...#.###
##.....#. #....###
##.......## ##.....#
#.......†.#
#[.[..####.........#
#..###....#.........#


There were no monsters in sight!

Vanquished Creatures
  3 gnolls
  A leopard gecko (D:2)
  A ball python (D:1)
  2 giant cockroaches (D:1)
  2 goblins
  4 hobgoblins
  4 jackals (D:1)
  4 kobolds (D:1)
  A bat (D:1)
  3 frilled lizards (D:1)
  5 rats
30 creatures vanquished.

Notes
Turn   | Place    | Note
-------+----------+-------------------------------------------
     0 | D:1      | vishdafish the Gargoyle Fighter began the quest for the Orb.
     0 | D:1      | Reached XP level 1. HP: 14/14 MP: 1/1
   171 | D:1      | Reached XP level 2. HP: 14/19 MP: 2/2
   578 | D:1      | Reached XP level 3. HP: 17/23 MP: 3/3
   890 | D:2      | Reached skill level 4 in Fighting
   919 | D:2      | Reached XP level 4. HP: 27/29 MP: 4/4
   983 | D:2      | Noticed Sigmund
  1012 | D:2      | Slain by Sigmund

Skill      XL: |  1  2  3 |
---------------+----------+-----
Axes           | 2 |  2.4
Fighting       | 4 |  4.1
Armour         | |  3.6
Shields        | |  3.8

Action                   |  1- 3 |  4- 6 || total
-------------------------+-------+-------++-------
Melee: War axe           |    95 |    22 ||   117
  Use: Potion            |       |     1 ||     1
Armor: Scale mail        |    36 |    12 ||    48
Dodge: Dodged            |    32 |     4 ||    36
Block: Shield            |    62 |     8 ||    70
